 Dungeon Crawl Stone Soup version 0.31.0-12-g77e489cdc1 (webtiles) character file.

Game seed: 11910597035200994330

382 Ekaitz the Firebug (level 6, -4/46 HPs)
             Began as a Demonspawn Fire Elementalist on Feb 26, 2024.
             Slain by Pikel
             ... wielding a +0 whip of flaming
              (9 damage)
             ... on level 4 of the Dungeon.
             The game lasted 00:07:58 (3350 turns).

Ekaitz the Firebug (Demonspawn Fire Elementalist)   Turns: 3350, Time: 00:07:58

Health: -4/46      AC:  2    Str:  9    XL:     6   Next: 47%
Magic:  1/9        EV: 12    Int: 17    God:
Gold:   206        SH:  0    Dex: 15    Spells: 1/10 levels left

rFire   . . .        a - +8 Vampire's Tooth {megavamp}
rCold   . . .        (no shield)
rNeg    . . .        j - +0 robe
rPois   .            (no helmet)
rElec   .            (no cloak)
rCorr   .            (no gloves)
SInv    .            (no boots)
Will    .....        (no amulet)
Stlth   ++           (no ring)
HPRegen 0.27/turn    (no ring)
MPRegen 0.11/turn

%: no passive effects
@: no status effects
A: claws 2, big brain 1, demonic magic 1
a: no special abilities


You were on level 4 of the Dungeon.
You visited 1 branch of the dungeon, and saw 4 of its levels.

You collected 206 gold pieces.

Inventory:

Hand Weapons
 a - the +8 Vampire's Tooth (weapon) {megavamp}
   (You found it on level 2 of the Dungeon)
 e - a +0 short sword of protection
 m - a +2 dagger of speed
Missiles
 o - a throwing net
Armour
 j - a +0 robe (worn)
Jewellery
 f - a ring of ice
Wands
 l - a wand of mindburst (20)
 q - a wand of flame (23)
Scrolls
 c - a scroll of teleportation {unknown}
 g - 2 scrolls of identify {unknown}
 h - a scroll of enchant weapon {unknown}
 n - 2 scrolls of immolation {unknown}
 p - a scroll of noise {unknown}
 r - a scroll of fear {unknown}
 s - 3 scrolls of summoning {unknown}
Potions
 b - a potion of magic
 d - 3 potions of heal wounds {unknown}
 i - 2 potions of enlightenment {unknown}
 k - a potion of curing {unknown}


   Skills:
 * Level 2.5 Fighting
 + Level 1.8 Short Blades
 + Level 2.6 Dodging
 + Level 3.3 Stealth
 + Level 2.6 Spellcasting
 + Level 1.4 Conjurations
 * Level 1.4 Hexes
 * Level 0.5 Translocations
 * Level 3.7 Fire Magic


You had one spell level left.
You knew the following spells:

 Your Spells              Type           Power      Damage    Failure   Level
a - Foxfire               Conj/Fire      40%        2x1d6     6%          1
b - Scorch                Fire           28%        2d6       6%          2
c - Volatile Blastmotes   Fire/Tloc      18%        2d11      22%         3
i - Inner Flame           Hex/Fire       10%        N/A       19%         3

Your spell library contained the following spells:

 Spells                   Type           Power      Damage    Failure   Level
 Sting                    Conj/Alch      16%        1d4       14%         1
 Apportation              Tloc           6%         N/A       16%         1
 Necrotise                Necr           8%         1d4       19%         1
 Summon Small Mammal      Summ           8%         N/A       19%         1
 Lesser Beckoning         Tloc           6%         N/A       22%         2
 Gell's Gravitas          Tloc           3%         N/A       41%         3
 Teleport Other           Tloc           3%         N/A       41%         3
 Flame Wave               Conj/Fire      10%        2d6       54%         4


Dungeon Overview and Level Annotations

Branches:
Dungeon (4/15)
 Temple: D:4-7

Altars:
Hepliaklqana
Trog

Annotations:
D:4 Pikel


Innate Abilities, Weirdness & Mutations

You have very sharp fingernails.
You have an unusually large brain. (Int +2)
Spells you cast may paralyse adjacent enemies.


Message History

You conjure some foxfire!
Malevolent energies surge around you.
Pikel is no longer more vulnerable to fire.
The foxfire hits Pikel.
Pikel is moderately wounded.
The foxfire hits Pikel.
Pikel is moderately wounded.
Pikel hits you with a +0 whip of flaming.
Pikel burns you.
Unknown command.
You puncture Pikel!
You feel better.
You hit Pikel.
You feel better.
Pikel is heavily wounded.
The foxfire hits Pikel.
Pikel is severely wounded.
The foxfire hits Pikel but does no damage.
Pikel is severely wounded.
Pikel hits you with a +0 whip of flaming!
Pikel burns you.
* * * LOW HITPOINT WARNING * * *
Unknown command.
You hit Pikel but do no damage. You barely miss Pikel.
Pikel is severely wounded.
Pikel barely misses you.
You hit Pikel. x2; You feel better.
Pikel is severely wounded.
Pikel hits you with a +0 whip of flaming!
* * * LOW HITPOINT WARNING * * *
Pikel burns you.
* * * LOW HITPOINT WARNING * * *
You hit Pikel. x2; You feel better.
Pikel is almost dead.
Pikel hits you with a +0 whip of flaming.
* * * LOW HITPOINT WARNING * * *
Pikel burns you.
* * * LOW HITPOINT WARNING * * *
Unknown command.
You barely miss Pikel. You hit Pikel.
You feel better.
Pikel is almost dead.
Pikel hits you with a +0 whip of flaming!
You die...
Pikel says, "See you in Hell!"

#....# #............#.....#
+....# #............+.....#
##....#+###########'####.....#
###'#........##.#............#
#...#........#..#...)...######
#...#...........#.......#
#####.........5##.......#
.....##########K........#
.....#...# #.@.......#
)....#...# #.........#
)....#.).## #.......).#
.....##...# #.........#
##......### ####......#
.#......# #......# .#......#
#......# ##......# #......#
...#'#### #......#


You could see Pikel and a lemure.

Vanquished Creatures
  2 lemures (D:4)
  A bombardier beetle (D:4)
  2 hounds (D:4)
  A jelly (D:4)
  Jessica (D:2)
  Ijyb (D:4)
  An orc wizard (D:4)
  3 gnolls (D:4)
  4 adders
  3 dart slugs
  5 ribbon worms
  9 orcs
  9 endoplasms
  6 giant cockroaches
  4 goblins
  5 hobgoblins
  4 jackals (D:4)
  5 quokkas
  5 ball pythons
  6 bats
  4 frilled lizards
  10 kobolds
  12 rats
103 creatures vanquished.

Vanquished Creatures (collateral kills)
  A foxfire (D:1)
1 creature vanquished.

Vanquished Creatures (others)
  172 foxfires
172 creatures vanquished.

Grand Total: 276 creatures vanquished

Notes
Turn   | Place    | Note
-------+----------+-------------------------------------------
     0 | D:1      | Ekaitz the Demonspawn Fire Elementalist began the quest for
                  | the Orb.
     0 | D:1      | Reached XP level 1. HP: 13/13 MP: 3/3
   304 | D:1      | Gained mutation: Spells you cast may paralyse adjacent
                  | enemies. [demonic ancestry]
   304 | D:1      | Reached XP level 2. HP: 20/20 MP: 0/5
   418 | D:1      | Learned a level 2 spell: Scorch
  1256 | D:2      | Gained mutation: You have sharp fingernails. [demonic
                  | ancestry]
  1256 | D:2      | Reached XP level 3. HP: 25/25 MP: 2/6
  1260 | D:2      | Learned a level 3 spell: Inner Flame
  1403 | D:2      | Found the +8 Vampire's Tooth {megavamp}
  1419 | D:2      | Reached skill level 1 in Fighting
  1770 | D:2      | Gained mutation: You have an unusually large brain. (Int
                  | +2) [demonic ancestry]
  1770 | D:2      | Reached XP level 4. HP: 32/32 MP: 4/7
  2070 | D:2      | Noticed Jessica
  2077 | D:2      | Killed Jessica
  2412 | D:3      | Found a faded altar of an unknown god.
  2548 | D:3      | Gained mutation: You have very sharp fingernails. [demonic
                  | ancestry]
  2548 | D:3      | Reached XP level 5. HP: 38/38 MP: 3/8
  2692 | D:4      | Reached skill level 1 in Short Blades
  2769 | D:4      | Noticed a lemure
  2844 | D:4      | Noticed Ijyb
  2854 | D:4      | Killed Ijyb
  2862 | D:4      | Learned a level 3 spell: Volatile Blastmotes
  2899 | D:4      | Reached skill level 1 in Hexes
  2899 | D:4      | Reached XP level 6. HP: 46/46 MP: 9/9
  3005 | D:4      | Found a hazy altar of Hepliaklqana.
  3014 | D:4      | Found a bloodstained altar of Trog.
  3322 | D:4      | Noticed Pikel
  3350 | D:4      | Slain by Pikel

Illustrated notes

Levels and vault maps discovered:
D:1:      dpeg_arrival_boxorama, layout_basic, dreamdust_mushroom_princess
D:2:      layout_basic, minmay_octomino_j4, uniq_jessica
D:3:      layout_rooms, hellmonk_ecumenical_altar_crossroads,
          minmay_misc_feat_more_columns
D:4:      layout_gridville, jmf_multi_god_temple, uniq_ijyb, uniq_pikel

Skill      XL: |  1  2  3  4  5 |
---------------+----------------+-----
Fire Magic     | 3 |  3.7
Dodging        | 2 |  2.6
Stealth        | 2 3 |  3.3
Fighting       | 1 2 |  2.5
Short Blades   | 1 |  1.8
Hexes          | 1 |  1.4
Spellcasting   | |  2.6
Conjurations   | |  1.4
Translocations | |  0.5

Action                     |  1- 3 |  4- 6 || total
---------------------------+-------+-------++-------
  Melee: Short sword       |    11 |       ||    11
         Quick blade       |    15 |    99 ||   114
   Cast: Foxfire           |    64 |    32 ||    96
         Scorch            |     4 |     6 ||    10
   Stab: Paralysed         |    11 |    17 ||    28
         Sleeping          |     2 |     9 ||    11
 Armour: Robe              |    12 |    32 ||    44
  Dodge: Dodged            |    15 |    39 ||    54
